 Dungeon Crawl Stone Soup version 0.20-a0-1101-g1de9d76 (webtiles) character file.

455 grindst0ne the Skirmisher (level 7, -10/47 HPs)
             Began as a Gargoyle Fighter on May 4, 2017.
             Was a Believer of Cheibriados.
             Mangled by an ogre
             ... wielding a +0 giant spiked club
              (15 damage)
             ... on level 4 of the Dungeon.
             The game lasted 00:10:04 (4081 turns).

grindst0ne the Skirmisher (Gargoyle Fighter)        Turns: 4081, Time: 00:10:06

Health: -10/47     AC: 14    Str: 26    XL:     7   Next: 5%
Magic:  7/7        EV:  7    Int: 14    God:    Cheibriados [**....]
Gold:   211        SH: 10    Dex: 14    Spells: 6/6 levels left

rFire    . . .     SeeInvis .   a - +0 flail
rCold    . . .     Gourm    .   c - +0 shield
rNeg     + . .     Faith    .   b - +0 scale mail
rPois    ∞         Spirit   .   (no helmet)
rElec    +         Reflect  .   (no cloak)
rCorr    .         Harm     .   x - +2 pair of gloves
MR       .....                  (no boots)
Stlth    ..........             (no amulet)
Regen    0.2/turn               (no ring)
MPRegen  0.1/turn               (no ring)

@: very slow
A: negative energy resistance 1, electricity resistance, unbreathing,
petrification resistance, rot immunity, AC +4
a: Bend Time, Renounce Religion


You were on level 4 of the Dungeon.
You worshipped Cheibriados.
Cheibriados was pleased with you.
You were not hungry.

You visited 1 branch of the dungeon, and saw 4 of its levels.

You collected 211 gold pieces.

Inventory:

Hand Weapons
 a - a +0 flail (weapon)
Missiles
 s - 5 poisoned javelins (quivered)
Armour
 b - a +0 scale mail (worn)
 c - a +0 shield (worn)
 m - a +0 pair of gloves
 p - a +1 pair of boots of running
 x - a +2 pair of gloves (worn)
Jewellery
 t - an uncursed ring of stealth {unknown}
 w - an uncursed ring of poison resistance {unknown}
Scrolls
 e - 8 scrolls of remove curse {unknown}
 h - 4 scrolls of enchant armour {unknown}
 i - 2 scrolls of teleportation {unknown}
 j - 2 scrolls of amnesia {unknown}
 n - a scroll of recharging {unknown}
 u - 3 scrolls of identify {unknown}
 y - a scroll of enchant weapon {unknown}
 A - a scroll of magic mapping {unknown}
Potions
 d - 2 potions of might
 o - 5 potions of curing {unknown}
 q - a potion of cancellation {unknown}
 v - a potion of mutation {unknown}
 z - 3 potions of heal wounds {unknown}
 B - a potion of brilliance {unknown}
Books
 g - a book of Maledictions

   Spells                             Type                      Level
   a - Corona                         Hexes                        1
   b - Ensorcelled Hibernation        Hexes/Ice                    2
   c - Confuse                        Hexes                        3
   d - Tukima's Dance                 Hexes                        3
   e - Dazzling Spray                 Conjuration/Hexes            3
Comestibles
 f - 4 bread rations
 k - 2 fruits
 l - 3 meat rations
 r - a royal jelly
 C - a chunk of flesh


   Skills:
 + Level 6.3 Fighting
 + Level 5.4 Maces & Flails
 - Level 3.2 Armour
 - Level 3.2 Shields


You had 6 spell levels left.
You didn't know any spells.

Dungeon Overview and Level Annotations

Branches:
Dungeon (4/15)             Temple (0/1) D:4

Altars:
Cheibriados


Innate Abilities, Weirdness & Mutations

You are resistant to torment.
Your stone body is resilient. (AC +4)
You are immune to poison.
You resist negative energy. (rN+)
You are resistant to electric shocks. (rElec)
You can survive without breathing.
You are immune to petrification.
You are immune to rotting.


Message History

You see here an iguana corpse.
B - a murky grey potion You see here an iguana corpse.
You butcher the iguana corpse.
C - a chunk of flesh You see here an iguana skeleton.
An ogre comes into view. It is wielding a giant spiked club.
The ogre shouts!
You sock the ogre!
The ogre is heavily wounded.
The ogre hits you with a giant spiked club!
You hit the ogre.
The ogre is severely wounded.
The ogre hits you with a giant spiked club!!
Ouch! That really hurt!
* * * LOW HITPOINT WARNING * * *
You hit the ogre.
The ogre is severely wounded.
The ogre hits you with a giant spiked club!
You die...

### #.. #.#### #####
#.#... ...# #.#.##
#######.######.#...
#.@O...........####
#.#####.#####..####
#####.....#...# #......
#....###.####.###.####.
#....# #.......##.# #.
#....############.# #.
#.................# #.
#....#################'
#....# #........


You could see an ogre.

Vanquished Creatures
  A sky beast (D:4)
  A crimson imp (D:4)
  A hound (D:3)
  An orc wizard (D:3)
  2 iguanas (D:4)
  A worker ant (D:4)
  4 gnolls (D:4)
  3 adders (D:2)
  3 oozes
  6 worms
  2 dart slugs
  4 leopard geckos
  5 orcs
  2 ball pythons
  7 giant cockroaches
  14 goblins
  5 hobgoblins
  7 jackals
  8 kobolds
  2 quokkas
  5 bats
  8 frilled lizards
  A quokka skeleton (D:4)
  6 rats
99 creatures vanquished.

Notes
Turn   | Place    | Note
-------+----------+-------------------------------------------
     0 | D:1      | grindst0ne the Gargoyle Fighter began the quest for the Orb.
     0 | D:1      | Reached XP level 1. HP: 14/14 MP: 1/1
   193 | D:1      | You fall through a shaft!
   643 | D:2      | Reached XP level 2. HP: 18/20 MP: 2/2
   885 | D:1      | Reached XP level 3. HP: 22/24 MP: 3/3
   941 | D:1      | Reached skill level 4 in Fighting
  1582 | D:1      | Reached XP level 4. HP: 29/29 MP: 4/4
  1638 | D:1      | Identified a +1 pair of boots of running (You found it on level 1 of the Dungeon)
  1840 | D:2      | Found a snail-covered altar of Cheibriados.
  1892 | D:2      | Became a worshipper of Cheibriados the Contemplative
  2461 | D:3      | Reached XP level 5. HP: 34/34 MP: 5/5
  2739 | D:3      | Reached * piety under Cheibriados
  2747 | D:3      | Reached skill level 5 in Fighting
  3290 | D:4      | Reached XP level 6. HP: 30/40 MP: 6/6
  3595 | D:4      | Found a staircase to the Ecumenical Temple.
  3643 | D:4      | Reached ** piety under Cheibriados
  3750 | D:4      | Reached skill level 5 in Maces & Flails
  3878 | D:4      | Noticed a sky beast
  3889 | D:4      | Killed a sky beast
  3889 | D:4      | Reached skill level 6 in Fighting
  4031 | D:4      | Reached XP level 7. HP: 32/47 MP: 7/7
  4081 | D:4      | Mangled by an ogre

Vault maps used:
D:1:      lightli_arrival_boilingwater, minmay_pentomino_z4
D:2:      kennysheep_slug_shrine, roderic_lattice_a
D:3:      kennysheep_generic_room_14
D:4:      temple_statues, first_bread

Skill      XL: |  1  2  3  4  5  6 |
---------------+-------------------+-----
Fighting       | 4 5 6 |  6.3
Maces & Flails | 3 4 5 |  5.4
Armour         | |  3.2
Shields        | |  3.2

Action                   |  1- 3 |  4- 6 |  7- 9 || total
-------------------------+-------+-------+-------++-------
Melee: Flail             |   122 |   272 |     3 ||   397
  Eat: Chunk             |     2 |     7 |       ||     9
Armor: Scale mail        |    74 |   145 |       ||   219
Dodge: Dodged            |    35 |    67 |       ||   102
Block: Shield            |    93 |   149 |       ||   242
